 Dungeon Crawl Stone Soup version 0.14-a0-3345-g9255d23 (webtiles) character file.

1525 Kae the Frost Mage (level 8, -1/43 HPs)
             Began as a Deep Elf Ice Elementalist on Mar 17, 2014.
             Was a Follower of Vehumet.
             Slain by a green rat (4 damage)
             ... on Level 7 of the Dungeon.
             The game lasted 00:13:58 (8123 turns).

Kae the Frost Mage (Deep Elf Ice Elementalist)      Turns: 8123, Time: 00:13:59

HP  -1/43        AC  6     Str  9      XL: 8   Next: 30%
MP  26/26        EV 13     Int 21      God: Vehumet [*.....]
Gold 230         SH  0     Dex 14 (15) Spells:  4 memorised, 13 levels left

rFire  x . .     SeeInvis +     q - +2,+0 mace
rCold  + . .     Clarity  .     u - +2 robe {MR+}
rNeg   . . .     Conserve .     (no shield)
rPois  .         rCorr    .     (no helmet)
rElec  .         rRot     .     e - +0 cloak
SustAb . .       Spirit   .     (no gloves)
rMut   .         Warding  .     B - +0 pair of boots of Indomitability {Str+2}
Saprov . . .     Stasis   .     (no amulet)
MR     +....                    x - ring of see invisible
                                p - ring of ice

@: somewhat resistant to hostile enchantments, fairly stealthy
A: no striking features
a: Renounce Religion


You were on level 7 of the Dungeon.
You worshipped Vehumet.
Vehumet was aware of your devotion.
You were not hungry.

You visited 2 branches of the dungeon, and saw 8 of its levels.

You collected 230 gold pieces.

Inventory:

Hand weapons
 q - a +2,+0 mace (weapon)
Armour
 a - a +0 robe
 e - a +0 cloak (worn)
 u - a +2 robe of magic resistance (worn)
 B - the +0 pair of boots of Indomitability (worn) {Str+2}
   (You found it on level 5 of the Dungeon)

   It affects your strength (+2).
Magical devices
 i - a wand of draining (4) {unknown}
 n - a wand of frost (7)
 r - a wand of flame (9)
 y - a wand of confusion (8)
 A - a wand of fire (6) {unknown}
Comestibles
 c - 7 bread rations
 C - a rotting chunk of rat flesh
Scrolls
 f - 4 scrolls of teleportation
 h - 2 scrolls of identify
 j - a scroll of recharging
 l - 4 scrolls of remove curse
 s - a scroll of fear {unknown}
 z - a scroll of fog
Jewellery
 p - a ring of ice (left hand)
 x - a ring of see invisible (right hand)
Potions
 d - 3 potions of brilliance
 g - a potion of might
 k - a potion of degeneration {unknown}
 o - a potion of haste
 v - a potion of paralysis
 w - a potion of magic
Books
 b - a book of Frost

   Spells                             Type                      Level
   *Freeze                            Ice                          1
   *Throw Frost                       Conjuration/Ice              2
   Ozocubu's Armour                   Charms/Ice                   3
   *Throw Icicle                      Conjuration/Ice              4
   Summon Ice Beast                   Ice/Summoning                4
   Condensation Shield                Ice                          4
 m - a book of Control

   Spells                             Type                      Level
   Control Teleport                   Charms/Translocation         4
   Control Undead                     Necromancy                   4
   Enslavement                        Hexes                        4
   Mass Confusion                     Hexes                        6
   Metabolic Englaciation             Hexes/Ice                    5
 t - a Young Poisoner's Handbook

   Spells                             Type                      Level
   *Sting                             Conjuration/Poison           1
   Cure Poison                        Poison                       2
   Mephitic Cloud                     Conjuration/Poison/Air       3
   Olgreb's Toxic Radiance            Poison                       4
   Venom Bolt                         Conjuration/Poison           5


   Skills:
 + Level 1.1 Fighting
 - Level 2.4 Dodging
 - Level 2.4 Stealth
 + Level 7.1 Spellcasting
 - Level 1.1 Conjurations
 * Level 9.7 Ice Magic
 + Level 2.0 Evocations


You had 13 spell levels left.
You knew the following spells:

 Your Spells              Type           Power        Failure   Level  Hunger
a - Freeze                Ice            ####         1%          1    None
b - Throw Frost           Conj/Ice       #####.       1%          2    None
c - Throw Icicle          Conj/Ice       #####...     12%         4    ###....
d - Sting                 Conj/Pois      #...         10%         1    None


Dungeon Overview and Level Annotations

Branches:
Dungeon (7/15)             Temple (1/1) D:5

Altars:
Ashenzari
Cheibriados
Dithmenos
Elyvilon
Vehumet
Zin

Shops:
D:6 :

Annotations:
D:6 Eustachio, Grinder
D:7 exclusion: wight


Message History

Magic restored.
You start resting.
You smell something rotten. (slot C)
Items here: %%%%%% The orange rat roars!
The green rat barely misses you.
You hit the green rat.
The green rat is moderately wounded.
The rat bites you but does no damage. The green rat bites you.
The orange rat misses you.
You hit the green rat.
The green rat is moderately wounded.
The orange rat closely misses you. The rat closely misses you.
The green rat bites you.
You hit the green rat.
The green rat is heavily wounded.
The orange rat bites you!
* * * LOW HITPOINT WARNING * * *
The rat closely misses you. The green rat bites you.
You die...

###'###
##....(.%.....#
#.....#
##.............#
#.#####
#..............# #.#
##.##..........###
#.#
##.##...........#
#.#
##%###.........#.#
#.#####.#
#%####.........#.+k
###.......#
##...##........[###k
..'.#####.#
#..@r.#.........# .
###...#
#..rr.#.........#
###.#
#%.).%###########
#...# ##%.%## #####
#####


You could see an orange rat, a green rat and a rat.

Vanquished Creatures
  A hippogriff (D:7)
  An ice beast (D:6)
  A sky beast (D:6)
  A black bear (D:6)
  An ogre (D:4)
  2 jellies (D:6)
  A centaur zombie (D:5)
  2 crimson imps
  Crazy Yiuf (D:6)
  A giant frog skeleton (D:4)
  2 orc priests
  4 worker ants
  2 iguanas
  A quasit (D:6)
  A big kobold zombie (D:7)
  Ijyb (D:4)
  Jessica (D:3)
  9 adders
  4 green rats (D:7)
  A shadow imp (D:6)
  An inept feature mimic (D:6)
  A white imp (D:6)
  A worm (D:3)
  2 orc skeletons (D:6)
  2 giant eyeballs
  6 giant geckos
  2 oozes
  10 orcs
  A bat skeleton (D:6)
  3 giant cockroaches
  10 hobgoblins
  16 jackals
  2 quokkas
  2 ball pythons
  10 bats
  6 giant newts
  20 goblins
  A goblin skeleton (D:4)
  12 kobolds
  A kobold skeleton (D:6)
  15 rats
  A butterfly (D:5)
163 creatures vanquished.

Notes
Turn   | Place    | Note
--------------------------------------------------------------
     0 | D:1      | Kae, the Deep Elf Ice Elementalist, began the quest for the Orb.
     0 | D:1      | Reached XP level 1. HP: 10/10 MP: 5/5
   483 | D:1      | Reached skill level 4 in Ice Magic
   483 | D:1      | Reached XP level 2. HP: 12/15 MP: 6/8
   918 | D:2      | Reached XP level 3. HP: 13/19 MP: 3/10
   976 | D:2      | Found a shadowy altar of Dithmenos.
  1099 | D:2      | Learned a level 2 spell: Throw Frost
  1271 | D:2      | Reached skill level 5 in Ice Magic
  1757 | D:3      | Reached XP level 4. HP: 24/24 MP: 13/13
  2016 | D:3      | Noticed Jessica
  2022 | D:3      | Killed Jessica
  2069 | D:3      | Found a shattered altar of Ashenzari.
  2549 | D:3      | Reached XP level 5. HP: 28/28 MP: 17/17
  2578 | D:3      | Reached skill level 6 in Ice Magic
  3282 | D:4      | Noticed an ogre
  3292 | D:4      | Killed an ogre
  3292 | D:4      | Reached XP level 6. HP: 32/32 MP: 12/20
  3619 | D:4      | Reached skill level 7 in Ice Magic
  4143 | D:4      | Noticed Ijyb
  4161 | D:4      | Killed Ijyb
  4161 | D:4      | Reached skill level 5 in Spellcasting
  4542 | D:5      | Entered Level 5 of the Dungeon
  4858 | D:5      | Found a staircase to the Ecumenical Temple.
  4870 | Temple   | Entered the Ecumenical Temple
  4902 | Temple   | Became a worshipper of Vehumet
  5321 | D:5      | Paralysed by a giant eyeball for 4 turns
  5328 | D:5      | Paralysed by a giant eyeball for 4 turns
  5786 | D:5      | Got a pair of polished boots
  5789 | D:5      | Identified the cursed +0 pair of boots of Indomitability {Str+2} (You found it on level 5 of the Dungeon)
  5827 | D:6      | Paralysed by a giant eyeball for 3 turns
  5840 | D:6      | Learned a level 4 spell: Throw Icicle
  5842 | D:6      | Learned a level 1 spell: Sting
  5956 | D:6      | Reached XP level 7. HP: 28/36 MP: 12/23
  6076 | D:6      | Found a white marble altar of Elyvilon.
  6210 | D:6      | Reached skill level 8 in Ice Magic
  6303 | D:6      | Found Odoa's Book Emporium.
  6310 | D:6      | Noticed Eustachio
  6374 | D:6      | Noticed Grinder
  7097 | D:6      | Reached skill level 9 in Ice Magic
  7215 | D:6      | Noticed Crazy Yiuf
  7219 | D:6      | Killed Crazy Yiuf
  7247 | D:6      | Reached XP level 8. HP: 41/41 MP: 22/25
  7432 | D:7      | Reached skill level 1 in Evocations
  7889 | D:7      | Reached skill level 1 in Fighting
  7907 | D:7      | Acquired Vehumet's first power
  7907 | D:7      | Offered knowledge of Sandblast by Vehumet.
  8123 | D:7      | Slain by a green rat

Action                   |  1- 3 |  4- 6 |  7- 9 || total
-------------------------+-------+-------+-------++-------
Melee: Unarmed           |    35 |       |       ||    35
       Mace              |     4 |   198 |    85 ||   287
 Cast: Freeze            |    66 |    55 |    44 ||   165
       Throw Frost       |     1 |    31 |    27 ||    59
       Sting             |       |       |     1 ||     1
       Throw Icicle      |       |       |     1 ||     1
Evoke: Wand              |       |     2 |     6 ||     8
  Use: Potion            |     1 |       |     5 ||     6
       Scroll            |       |    15 |     1 ||    16
 Stab: Sleeping          |     1 |     7 |       ||     8
       Distracted        |     2 |       |       ||     2
